 Dungeon Crawl Stone Soup version 0.31.0-1-g2c135a0 (webtiles) character file.

Game seed: 4383582489938915359

2 jagoly the Apothecary (level 1, -1/15 HPs)
             Began as a Naga Alchemist on Jan 24, 2024.
             Slain by an adder (3 damage)
             ... on level 2 of the Dungeon.
             The game lasted 00:02:43 (113 turns).

jagoly the Apothecary (Naga Alchemist)               Turns: 113, Time: 00:02:44

Health: -1/15      AC:  1    Str: 10    XL:     1   Next: 30%
Magic:  0/3        EV:  9    Int: 15    God:
Gold:   0          SH:  0    Dex: 11    Spells: 3/4 levels left

rFire   . . .        d - +0 dagger
rCold   . . .        (no shield)
rNeg    . . .        a - +0 robe
rPois   +            (no helmet)
rElec   .            (no cloak)
rCorr   .            (no gloves)
SInv    +            (no barding)
Will    .....        (no amulet)
Stlth   ++           (no ring)
HPRegen 0.22/turn    (no ring)
MPRegen 0.08/turn

%: no passive effects
@: lethally poisoned (-1 -> -4), very slightly contaminated, very slow
A: AC +0, large, see invisible, deformed body, poison resistance, slowness 2,
spit poison 1, naga tail 1
a: Spit Poison


You were on level 2 of the Dungeon.
You visited 1 branch of the dungeon, and saw 2 of its levels.

Inventory:

Hand Weapons
 d - a +0 dagger (weapon)
Missiles
 g - 5 stones
Armour
 a - a +0 robe (worn)
Scrolls
 f - a scroll of revelation {unknown}
Potions
 b - a potion of magic
 c - a potion of haste {unknown}
 e - a potion of resistance {unknown}


   Skills:
 - Level 1.5 Dodging
 + Level 3.1 Stealth
 + Level 2.0 Spellcasting
 + Level 1.0 Conjurations
 + Level 3.6 Alchemy


You had 3 spell levels left.
You knew the following spells:

 Your Spells              Type           Power      Damage    Failure   Level
a - Sting                 Conj/Alch      32%        1d5       9%          1

Your spell library contained the following spells:

 Spells                   Type           Power      Damage    Failure   Level
 Mercury Vapours          Alch/Air       14%        N/A       16%         2
 Mephitic Cloud           Conj/Alch/Air  6%         N/A       34%         3
 Olgreb's Toxic Radiance  Alch           12%        N/A       43%         4
 Sticky Flame             Fire/Alch      7%         2d4       71%         4


Dungeon Overview and Level Annotations

Branches:
Dungeon (2/15) Zot: 11851

Altars:
Fedhas


Innate Abilities, Weirdness & Mutations

Your serpentine skin is tough. (AC +0)
You have supernaturally acute eyesight. (SInv)
Armour fits poorly on your strangely shaped body.
Your system is resistant to poisons. (rPois)
You cover ground very slowly.
You can spit poison.
You have a snake-like lower body.


Message History

Welcome, jagoly the Naga Alchemist.
A smirking vizier told you that the Orb of Zot is just within this dungeon.
Press ? for a list of commands and other information.
Found a staircase leading out of the dungeon.
Found a stone staircase leading down.
There is a stone staircase leading down here.
You climb downwards.
There is a stone staircase leading up here.
Found a pair of boots.
A hobgoblin comes into view.
The hobgoblin shouts!
Cast which spell? (? or * to list)
Aiming: Sting (safe; 9% risk of failure)
Press: ? - help, Shift-Dir - straight line, f - hobgoblin
Aim: a hobgoblin (68% to hit)
The sting hits the hobgoblin but does no damage.
The hobgoblin is poisoned.
Cast which spell? (? or * to list)
Aiming: Sting (safe; 9% risk of failure)
Press: ? - help, Shift-Dir - straight line, f/p - hobgoblin
Aim: a hobgoblin (poisoned, 68% to hit)
The sting misses the hobgoblin.
The hobgoblin barely misses you.
Cast which spell? (? or * to list)
Aiming: Sting (safe; 9% risk of failure)
Press: ? - help, Shift-Dir - straight line, f/p - hobgoblin
Aim: a hobgoblin (lightly wounded, poisoned, 68% to hit)
You miscast Sting.
You are very lightly contaminated with residual magic.
Nothing appears to happen.
The hobgoblin hits you.
Unknown command.
Unknown command.
You hit the hobgoblin.
The hobgoblin is moderately wounded.
The hobgoblin hits you.
You barely miss the hobgoblin.
The hobgoblin is moderately wounded.
The hobgoblin closely misses you.
You hit the hobgoblin but do no damage.
The hobgoblin is moderately wounded.
The hobgoblin barely misses you.
You hit the hobgoblin.
The hobgoblin is heavily wounded.
The hobgoblin hits you.
* * * LOW HITPOINT WARNING * * *
You are too injured to fight recklessly!
Unknown command.
Unknown command.
Unknown command.
Unknown command.
Unknown command.
Unknown command.
Attack: -) Nothing wielded
Press: ? - help, Dir - move target, f/p - hobgoblin
Aim: a hobgoblin (heavily wounded, poisoned, about 40% to evade your hands)
You hit the hobgoblin but do no damage.
The hobgoblin is heavily wounded.
The hobgoblin looks more healthy.
The hobgoblin closely misses you.
Attack: -) Nothing wielded
Press: ? - help, Dir - move target, f/p - hobgoblin
Aim: a hobgoblin (almost dead, about 40% to evade your hands)
You hit the hobgoblin.
You kill the hobgoblin!
Found a dagger.
Found a blossoming altar of Fedhas.
Your magical contamination has completely faded away.
You see here a hobgoblin corpse.
Found a puce potion.
c - an amethyst potion You see here a +0 pair of boots.
Found a whip and a scroll labelled FOSILORGHOY.
You see here a +0 dagger.
d - a +0 dagger (weapon)
e - a puce potion
f - a scroll labelled FOSILORGHOY You see here a +0 whip.
Found a leather armour.
Found 5 stones.
Found a stone staircase leading up.
You see here 5 stones.
g - 5 stones
There is a stone staircase leading up here.
You climb upwards.
There is a stone staircase leading down here.
You climb downwards.
There is a stone staircase leading up here.
Unknown command.
Unknown command.
Unknown command.
Unknown command.
Unknown command.
Unknown command.
Unknown command.
Unknown command.
Found a stone staircase leading down.
A kobold comes into view. It is wielding a +0 club.
The kobold shouts!
Cast which spell? (? or * to list)
Aiming: Sting (safe; 9% risk of failure)
Press: ? - help, Shift-Dir - straight line, f - kobold
Aim: a kobold, wielding a +0 club (60% to hit)
You miscast Sting.
You are very lightly contaminated with residual magic.
Nothing appears to happen.
An adder comes into view.
Cast which spell? (? or * to list)
Aiming: Sting (safe; 9% risk of failure)
Press: ? - help, Shift-Dir - straight line, f - adder, p - kobold
Aim: an adder (wandering, hasn't noticed you, 48% to hit)
The sting misses the adder.
The kobold hits you with a +0 club.
Cast which spell? (? or * to list)
Aiming: Sting (safe; 9% risk of failure)
Press: ? - help, Shift-Dir - straight line, f/p - adder
Aim: an adder (48% to hit)
You miscast Sting.
Nothing appears to happen.
The kobold closely misses you.
Cast which spell? (? or * to list)
Okay, then.
Unknown command.
Unknown command.
Unknown command.
Unknown command.
Hit: d) +0 dagger
Press: ? - help, Dir - move target, f - kobold, p - adder
Aim: a kobold, wielding a +0 club (about 47% to evade your +0 dagger)
Okay, then.
Hit: d) +0 dagger
Press: ? - help, Dir - move target, f - kobold, p - adder
Aim: a kobold, wielding a +0 club (about 47% to evade your +0 dagger)
You hit the kobold.
The kobold is severely wounded.
The adder bites you.
You are poisoned.
The adder poisons you! The kobold hits you with a +0 club.
* * * LOW HITPOINT WARNING * * *
Hit: d) +0 dagger
Press: ? - help, Dir - move target, f/p - kobold
Aim: a kobold, wielding a +0 club (severely wounded, about 47% to evade your +0 dagger)
You hit the kobold.
You kill the kobold!
* * * LOW HITPOINT WARNING * * *
You feel sick. The adder misses you.
Hit: d) +0 dagger
Press: ? - help, Dir - move target, f - adder
Aim: an adder (about 58% to evade your +0 dagger)
You closely miss the adder.
* * * LOW HITPOINT WARNING * * *
You feel sick. The adder bites you.
You die...

.. ...## ##.## .#
#####..# ..... .#
#......#####..#
.##+#.##.........#
......##.........#
......##.........#
......##.........#
....[<..........)#
.........######.@#
..#......#
#>.S....#
###......#
######### #......#
#......# #......#
###......# .#
.#### .##.....


You could see an adder.

Vanquished Creatures
  A hobgoblin (D:2)
  A kobold (D:2)
2 creatures vanquished.

Notes
Turn   | Place    | Note
-------+----------+-------------------------------------------
     0 | D:1      | jagoly the Naga Alchemist began the quest for the Orb.
     0 | D:1      | Reached XP level 1. HP: 15/15 MP: 3/3
    59 | D:2      | Found a blossoming altar of Fedhas.
   113 | D:2      | Slain by an adder

Illustrated notes

Levels and vault maps discovered:
D:1:      tarquinn_simple_flora_water_b, layout_loops_cross
D:2:      layout_basic, basic_altar

Action                     || total
---------------------------++-------
  Melee: Unarmed           ||     6
         Dagger            ||     3
   Cast: Sting             ||     3
 Armour: Robe              ||     7
  Dodge: Dodged            ||     6
